 Dungeon Crawl Stone Soup version 0.17.0-24-gcfadda4 (console) character file.

1584 gw the Cudgeler (level 8, 0/73 HPs)
             Began as a Deep Dwarf Fighter on Nov 17, 2015.
             Slain by a crocodile (5 damage)
             ... on level 9 of the Dungeon.
             The game lasted 00:07:16 (4777 turns).

gw the Cudgeler (Deep Dwarf Fighter)                Turns: 4777, Time: 00:07:16

Health: 0/73       AC: 13    Str: 19    XL:     8   Next: 61%
Magic:  7/7        EV:  2    Int: 10    God:
Gold:   276        SH:  0    Dex: 14    Spells: 0 memorised, 7 levels left

rFire  . . .     SeeInvis .     b - +0 morningstar
rCold  . . .     Clarity  .     k - +2 chain mail {rPois}
rNeg   + + +     SustAt   .     c - +1 shield
rPois  ∞         Gourm    .     o - +1 hat
rElec  .         Spirit   .     (no cloak)
rCorr  .         Warding  .     (no gloves)
rMut   .         Stasis   .     (no boots)
MR     +....                    (no amulet)
Stlth  ..........               (no ring)
                                (no ring)

@: petrified, non-regenerating, somewhat resistant to hostile enchantments,
extremely unstealthy
A: damage resistance, recharge devices, sense surroundings 1, slow regeneration
3
a: Device Recharging


You were on level 9 of the Dungeon.
You were not hungry.

You visited 1 branch of the dungeon, and saw 7 of its levels.

You collected 276 gold pieces.

Inventory:

Hand Weapons
 b - a +0 morningstar (weapon)
Missiles
 h - 22 poisoned needles
 j - 122 stones
 l - 3 tomahawks
 q - 2 needles of sleeping
 r - a javelin (quivered)
 s - 5 tomahawks of returning
Armour
 c - a +1 shield (worn)
 k - a +2 chain mail of poison resistance (worn)
 o - a +1 hat (worn)
Wands
 e - a wand of heal wounds (4)
 t - a wand of magic darts (16)
Scrolls
 g - 2 scrolls of teleportation
 i - 2 scrolls of remove curse
 n - 2 scrolls of identify
Potions
 d - 4 potions of might
 p - a potion of curing
Comestibles
 a - 2 chunks of flesh
 f - 4 bread rations


   Skills:
 + Level 4.5 Fighting
 * Level 6.5 Maces & Flails
 + Level 3.8 Throwing
 + Level 6.0 Armour
 + Level 5.9 Shields
 - Level 1.3 Evocations


You had 7 spell levels left.
You didn't know any spells.

Dungeon Overview and Level Annotations

Branches:
Dungeon (9/15)
 Temple: D:4-7         Lair: D:8-11         Orc: D:9-12

Altars:
Gozag
Yredelemnul
The Shining One

Annotations:
D:2 1 runed door


Innate Abilities, Weirdness & Mutations

You are resistant to damage.
You can recharge devices by infusing magical energy.
You passively map a small area around you.
You do not regenerate naturally.


Message History

The basilisk bites you but does no damage.
The crocodile bites you! The yak gores you.
The yak gores you but does no damage.
The porcupine bites you but does no damage.
The basilisk bites you! The crocodile bites you.
The yak gores you but does no damage. The yak gores you!
The porcupine bites you. The basilisk completely misses you.
The crocodile bites you.
The yak gores you but does no damage. x2
The porcupine barely misses you. The porcupine bites you!
The basilisk bites you! The crocodile bites you!
The yak gores you but does no damage. x2
The porcupine bites you but does no damage.
The basilisk gazes at you.
You easily resist.
The crocodile completely misses you. The yak gores you. The yak gores you!
The porcupine bites you. The basilisk gazes at you.
You easily resist.
The crocodile bites you!
You die...

####.######.#.##### ,
............#... ,..
.###.######## ### , ...
, #.## * ...7 , * #..#
#77...., ##.## *.......
, .####..# tl...P. ,
.....#.##########rY5..P.
...............Ygl7 ,
####.##.#####.##YtY...P.
, #.##.# #.##rYY...P. *
##'##.#####.####r..... ,
* #...........# *#.....
* #..###.###..# #.P.. ,
* #.##.....##.# ##..
###.8...8.#.# <# ,
*#.......#.#


You could see 6 yaks, 2 basilisks, 2 crocodiles, 2 porcupines, a crimson imp and
a quokka.

Table legend:
 A = Turns spent in this place as a percentage of turns spent in the entire game.
 B = Non-inter-level travel turns spent in this place as a percentage of non-inter-level travel turns spent in the entire game.
 C = Inter-level travel turns spent in this place as a percentage of turns spent in this place.
 D = Turns resting spent in this place as a percentage of non-inter-level travel turns spent in this place.
 E = Turns spent auto-exploring this place as a percentage of non-inter-level travel turns spent in this place.
 F = Non-inter-level travel turns spent in this place divided by the number of levels of this place that you've seen.
                   A       B       C       D       E      F
               +-------+-------+-------+-------+-------+----------------------
         Total | 100.0 | 100.0 |   0.3 |   0.0 |   2.2 | 1350.0
       Dungeon | 100.0 | 100.0 |   0.3 |   0.0 |   2.2 | 1350.0
               +-------+-------+-------+-------+-------+----------------------

Table legend:
 A = Kills in this place as a percentage of kills in entire the game.
 B = Kills by you in this place as a percentage of kills by you in the entire game.
 C = Kills by friends in this place as a percentage of kills by friends in the entire game.
 D = Other kills in this place as a percentage of other kills in the entire game.
 E = Experience gained in this place as a percentage of experience gained in the entire game.
 F = Experience gained in this place divided by the number of levels of this place that you have seen.
                   A       B       C       D       E      F
               +-------+-------+-------+-------+-------+----------------------
         Total | 100.0 | 100.0 |  -nan |  -nan | 100.0 | 323.4
       Dungeon | 100.0 | 100.0 |  -nan |  -nan | 100.0 | 323.4
               +-------+-------+-------+-------+-------+----------------------

Vanquished Creatures
  Eustachio (D:6)
  A black bear (D:6)
  An ice beast (D:6)
  2 sky beasts (D:5)
  A centaur (D:6)
  The ghost of ces the Sneak, an amateur SpAs of Nemelex Xobeh (D:3)
  A scorpion (D:6)
  2 centaur zombies (D:6)
  A crimson imp (D:6)
  4 hounds
  An iguana (D:6)
  A human zombie (D:2)
  2 worker ants
  4 orc priests
  6 orc wizards
  A hound zombie (D:5)
  2 hound skeletons
  7 adders
  A worker ant zombie (D:6)
  A shadow imp (D:9)
  2 oozes
  2 worms
  3 giant geckos
  35 orcs
  A ball python (D:2)
  7 goblins
  8 hobgoblins
  4 bats
  5 giant cockroaches
  A giant cockroach zombie (D:6)
  A giant gecko zombie (D:6)
  5 giant newts
  A goblin skeleton (D:2)
  6 kobolds
  4 quokkas
  A quokka skeleton (D:6)
  6 rats
133 creatures vanquished.

Vanquished Creatures (others)
  2 plants (D:9)
  4 toadstools (D:1)
6 creatures vanquished.

Grand Total: 139 creatures vanquished

Notes
Turn   | Place    | Note
--------------------------------------------------------------
     0 | D:1      | gw the Deep Dwarf Fighter began the quest for the Orb.
     0 | D:1      | Reached XP level 1. HP: 20/20 MP: 1/1
   163 | D:1      | Reached XP level 2. HP: 24/27 MP: 2/2
   348 | D:1      | Reached skill level 1 in Evocations
   502 | D:1      | Found a glowing golden altar of the Shining One.
   721 | D:2      | Reached XP level 3. HP: 28/33 MP: 3/3
  1020 | D:2      | Found a runed door.
  1020 | D:2      | Noticed a human
  1073 | D:2      | Reached skill level 1 in Throwing
  1073 | D:2      | Reached XP level 4. HP: 27/42 MP: 5/5
  1100 | D:2      | Found a basalt altar of Yredelemnul.
  1253 | D:3      | Reached skill level 4 in Shields
  1328 | D:3      | Noticed ces's ghost (amateur SpAs)
  1355 | D:3      | Killed ces's ghost
  1355 | D:3      | Reached XP level 5. HP: 45/49 MP: 6/6
  1761 | D:3      | Reached XP level 6. HP: 36/56 MP: 7/7
  2992 | D:5      | Entered Level 5 of the Dungeon
  3148 | D:5      | Reached XP level 7. HP: 35/63 MP: 7/7
  3396 | D:5      | Reached skill level 5 in Maces & Flails
  3531 | D:5      | Reached skill level 5 in Armour
  3924 | D:5      | Reached skill level 5 in Shields
  4299 | D:6      | Reached XP level 8. HP: 37/72 MP: 8/8
  4453 | D:6      | Noticed Eustachio
  4561 | D:6      | Killed Eustachio
  4561 | D:6      | Reached skill level 6 in Maces & Flails
  4660 | D:6      | You fall through a shaft for 3 floors!
  4690 | D:9      | Found an opulent altar of Gozag.
  4777 | D:9      | Slain by a crocodile

Action                   |  1- 3 |  4- 6 |  7- 9 || total
-------------------------+-------+-------+-------++-------
Melee: Flail             |    64 |   239 |       ||   303
       Morningstar       |       |    16 |   356 ||   372
Throw: Javelin           |    37 |    15 |    16 ||    68
       Stone             |    35 |   110 |     9 ||   154
       Tomahawk          |       |    15 |    30 ||    45
 Abil: Device Recharging |       |     1 |     1 ||     2
Evoke: Wand              |       |     6 |    11 ||    17
  Use: Scroll            |     5 |     5 |     3 ||    13
       Potion            |     1 |     2 |     1 ||     4
  Eat: Chunk             |       |     7 |     7 ||    14

Vault maps used:
D:1:      ldierk_water_garden, tso_altar
D:2:      dk_yredelemnul_ordeal
D:3:      minmay_misc_feat_hallway
D:5:      first_bread, corexii_leaking_fountain
D:6:      kennysheep_six_static_rooms, serial_undead, serial_undead_a,
          serial_undead_a, serial_undead_d, serial_undead_a, minivault_4,
          uniq_eustachio
D:9:      grunt_gozag_statues, minmay_lair_entry_grove, serial_shops, shop,
          hangedman_tree_tricks, kennysheep_generic_room_16
